[Event "The Kvibergspelen 2023"]
[Site "Kviberg Park Hotel & Conference, Krutvagen 2, Gothenburg, Sweden"]
[Date "2023.09.15"]
[Round "3.6"]
[White "Golubka, Petro"]
[Black "Nordenbaek, Jan"]
[Result "1-0"]
[TimeControl "15 minutes + 5 seconds per move from move one (Round 1 - 4) / 90 minutes + 30 seconds per move from move one (Round 5 - 8)"]
[WhiteTitle "GM"]
[WhiteFideId "14114224"]
[BlackFideId "1401475"]
[WhiteElo "2439"]
[BlackElo "2163"]

1. e4 e5 2. Nf3 Nc6 3.
d4 exd4 4. Nxd4 Bb4+ 5. c3 Bc5 6.
Be3 Bb6 7. Na3 d6 8. Nc4 Nf6 9. Nxc6 bxc6 10. e5 Nd5 11. exd6 cxd6 12. Nxb6 axb6 13. Bd2 O-O 14. c4 Re8+ 15.
Be2 Qe7 16. cxd5 1-0

[Event "The Kvibergspelen 2023"]
[Site "Kviberg Park Hotel & Conference, Krutvagen 2, Gothenburg, Sweden"]
[Date "2023.09.15"]
[Round "3.7"]
[White "Ollen, Martin"]
[Black "Akesson, Ralf"]
[Result "1/2-1/2"]
[TimeControl "15 minutes + 5 seconds per move from move one (Round 1 - 4) / 90 minutes + 30 seconds per move from move one (Round 5 - 8)"]
[BlackTitle "GM"]
[WhiteFideId "1718983"]
[BlackFideId "1700120"]
[WhiteElo "2143"]
[BlackElo "2410"]

1. e4 c6 2. d4 d5 3. e5 Bf5 4. c3 e6 5. Nf3 Nd7 6. Be2 h6 7. O-O Ne7 8. a4 Qc7 9. a5 g5 10.
b4 Bg7 11. Na3 O-O 12. Nc2 f6 13. exf6 Nxf6 14. Ne3 Bh7 15. Bd3 Ne4 16. Qc2 Kh8 17. Ra2 Rf4 18. Nd2 Nxd2 19. Bxd2 Bxd3 20.
Qxd3 e5 21. dxe5 Bxe5 22. h3 Rf7 23. Ng4 Bg7 24. c4 Rd8 25. Bc1 Qd6 26. b5 dxc4 27. Qxc4 Qd5 28. Qxd5 Rxd5 29. bxc6 Nxc6 30.
a6 b5 31. Bb2 Nd4 32. Ne3 Rc5 33. Ba1 b4 34. Rd1 b3 35. Rad2 Nc2 36. Nxc2 bxc2 37. Bxg7+ Kxg7 38. Rc1 Rfc7 39.
Kf1 R5c6 40. Ke2 Kf6 41. g3 Kf5 42. Kf3 Rc3+ 43. Ke2 R7c6 44. Rd5+ Kf6 45. Rd2 Ke6 46. Ke1 h5 47. Ke2 Ke5 48. Ke1 g4 49. h4 Ke4 50. Ke2 R6c5 51. Rd7 Rc7 52. Rd8 R3c6 53. Rd2 Ke5 54. Ke3 Rc3+ 55. Ke2 R7c4 56. Rd8 Rc6 57. Rd2 Rxa6 58. Rdxc2 Rxc2+ 59. Rxc2 Kd4 60. f3 Re6+ 61. Kf2 Kd3 62. Ra2 gxf3 63. Rxa7 Ke4 64. Ra4+ Kf5 65. Kxf3 Rb6 66. Ra5+ Kg6 67. Ra4 Kf6 68. Kf4 Rc6 69. Ra5 Rc4+ 1/2-1/2

[Event "The Kvibergspelen 2023"]
[Site "Kviberg Park Hotel & Conference, Krutvagen 2, Gothenburg, Sweden"]
[Date "2023.09.15"]
[Round "3.8"]
[White "Jogstad, Daniel"]
[Black "Thorn, Eric"]
[Result "0-1"]
[TimeControl "15 minutes + 5 seconds per move from move one (Round 1 - 4) / 90 minutes + 30 seconds per move from move one (Round 5 - 8)"]
[WhiteTitle "CM"]
[BlackTitle "FM"]
[WhiteFideId "1718959"]
[BlackFideId "1710729"]
[WhiteElo "2137"]
[BlackElo "2390"]

1. e4 e5 2. Nf3 Nc6 3. Bc4 Nf6 4. d3 Be7 5. O-O O-O 6. Re1 d6 7. a4 Kh8 8. a5 a6 9. h3 h6 10. c3 Nh7 11. d4 Bf6 12.
dxe5 dxe5 13. Nbd2 Qe7 14. Nf1 Be6 15. Qb3 Bxc4 16. Qxc4 Ng5 17. Bxg5 Bxg5 18. Nxg5 Qxg5 19. Ne3 Nd8 20.
Red1 Ne6 21. Rd7 Nf4 22. Kf1 Rad8 23. Rad1 c6 24. Qb4 Kg8 25. Qd6 Rde8 26. Rxb7 Re6 27. Qc5 Rg6 28. g3 Nxh3 29. Re7 Nxf2 0-1

[Event "The Kvibergspelen 2023"]
[Site "Kviberg Park Hotel & Conference, Krutvagen 2, Gothenburg, Sweden"]
[Date "2023.09.15"]
[Round "3.9"]
[White "Olsson, William"]
[Black "Holm, Ragnar"]
[Result "0-1"]
[TimeControl "15 minutes + 5 seconds per move from move one (Round 1 - 4) / 90 minutes + 30 seconds per move from move one (Round 5 - 8)"]
[WhiteTitle "FM"]
[WhiteFideId "1741721"]
[BlackFideId "1505858"]
[WhiteElo "2376"]
[BlackElo "2128"]

1. c4 e6 2. g3 d5 3. Bg2 Nf6 4. Nf3 Be7 5. O-O O-O 6. b3 c5 7. cxd5 Nxd5 8. Bb2 Nc6 9. Nc3 Bf6 10. Qc1 b6 11. Nxd5 exd5 12.
d4 Nxd4 13. Nxd4 cxd4 14. Qd2 Re8 15.
Rfe1 Ba6 16. Bf1 d3 17. exd3 Qd6 18. a4 Bb7 19. Bg2 a5 20. Bxf6 Qxf6 21. d4 h5 22. h4 Kf8 23. b4 g6 24.
f4 Qd6 25. Rxe8+ Kxe8 26. bxa5 Rxa5 27. Bf3 Bc6 28. Bd1 Kf8 29. Qc3 Bd7 30. Kf2 Ra8 31. Qd2 Qe6 32. Qb4+ Kg7 33. Bf3 Qc6 34.
Bd1 Qe6 35. Qb3 Re8 36. Bf3 Bc6 37. Kg2 Qe3 38. Qb2 Bd7 39. Ra3 Qe1 40. Ra2 Bg4 41. Bxd5 Re2+ 42. Qxe2 Bxe2 43. Kh2 Qf2+ 44. Bg2 Qe3 45. d5 Bg4 46. Rb2 Qd4 47. Ra2 Bd7 48. a5 bxa5 49. Rxa5 Qd2 50. Ra3 0-1

[Event "The Kvibergspelen 2023"]
[Site "Kviberg Park Hotel & Conference, Krutvagen 2, Gothenburg, Sweden"]
[Date "2023.09.15"]
[Round "3.10"]
[White "Mashhadi, Peyman"]
[Black "Reimanis, Ritvars"]
[Result "1/2-1/2"]
[TimeControl "15 minutes + 5 seconds per move from move one (Round 1 - 4) / 90 minutes + 30 seconds per move from move one (Round 5 - 8)"]
[BlackTitle "IM"]
[WhiteFideId "1768581"]
[BlackFideId "11602988"]
[WhiteElo "2112"]
[BlackElo "2361"]

1. e4 e6 2. d4 d5 3. e5 f5 4. exf6 Nxf6 5. Nf3 c5 6. Bb5+ Nc6 7. O-O Bd6 8. dxc5 Bxc5 9. Ne5 Bd7 10. Nxd7 Qxd7 11. Nd2 O-O 12. c3 Qc7 13. Nf3 e5 14. Bg5 Rad8 15.
Bh4 a6 16. Bxc6 bxc6 17. Qe2 e4 18. Nd4 Qc8 19. a4 Rde8 20. b4 Bb6 21. Bg3 c5 22. bxc5 Bxc5 23. Rab1 Nd7 24. Qg4 Rf6 25.
Qh5 Qa8 26. a5 Nf8 27. Rb2 Rh6 28. Qf5 Rf6 29. Qh5 Rh6 30. Qf5 Rf6 31. Qh5 Rh6 32. Qf5 Rf6 1/2-1/2

[Event "The Kvibergspelen 2023"]
[Site "Kviberg Park Hotel & Conference, Krutvagen 2, Gothenburg, Sweden"]
[Date "2023.09.15"]
[Round "3.11"]
[White "Kistrup, Nicolai"]
[Black "Anderzen, Robert"]
[Result "1-0"]
[TimeControl "15 minutes + 5 seconds per move from move one (Round 1 - 4) / 90 minutes + 30 seconds per move from move one (Round 5 - 8)"]
[WhiteTitle "FM"]
[WhiteFideId "1444816"]
[BlackFideId "1716239"]
[WhiteElo "2359"]
[BlackElo "2112"]

1. d4 Nf6 2. c4 e6 3. Nf3 Bb4+ 4. Nbd2 d5 5. Qa4+ Nc6 6. Ne5 Bd7 7. Nxc6 Bxd2+ 8. Bxd2 Bxc6 9. Qc2 dxc4 10.
Qxc4 O-O 11. f3 Qd5 12. e4 Qxc4 13. Bxc4 Rfd8 14. Be3 a6 15. g4 Nd7 16. Rc1 Nb6 17. Bb3 Rac8 18. a3 Bb5 19.
Kf2 a5 20. Rc5 c6 21. Rhc1 a4 22. Ba2 Nd7 23. R5c3 Ra8 24. h4 c5 25. dxc5 Ne5 26. Bb1 Bd3 27. Rd1 Bxb1 28. Rxb1 Rd7 29.
Ke2 Rad8 30. Bf4 Nd3 31. Bd6 b6 32. Rxd3 bxc5 33. Rbd1 c4 34. R3d2 1-0

[Event "The Kvibergspelen 2023"]
[Site "Kviberg Park Hotel & Conference, Krutvagen 2, Gothenburg, Sweden"]
[Date "2023.09.15"]
[Round "3.12"]
[White "Zachrisson, Mattias"]
[Black "Hamark, Jesper"]
[Result "1/2-1/2"]
[TimeControl "15 minutes + 5 seconds per move from move one (Round 1 - 4) / 90 minutes + 30 seconds per move from move one (Round 5 - 8)"]
[WhiteFideId "1708384"]
[BlackFideId "1704338"]
[WhiteElo "2104"]
[BlackElo "2342"]

1. e4 d6 2. f4 Nf6 3. d3 c5 4. Nf3 Nc6 5. g3 g6 6. Bg2 Bg7 7. O-O O-O 8. c3 Rb8 9. a4 a6 10.
h3 b5 11. axb5 axb5 12. Be3 Bb7 13. Nbd2 b4 14. Kh2 Ra8 15. d4 bxc3 16. bxc3 cxd4 17. cxd4 Ba6 18. Rg1 Bb7 19. Qb3 Rb8 20.
Rgb1 e6 21. Qb6 Qd7 22. Qb5 Ba8 23. Qa4 Rxb1 24. Rxb1 Ne7 25. Qxd7 Nxd7 26. Ne1 Rb8 27. Rxb8+ Nxb8 28. Nc4 Bxe4 29.
Bxe4 d5 30. Bd3 dxc4 31. Bxc4 Nf5 32. Nc2 Nxe3 33. Nxe3 Bxd4 34. Nc2 Bc5 35. Bb5 Kf8 36. Kg2 Ke7 37. Kf3 Nd7 38. Ne3 h6 39. Ng4 h5 40.
Ne5 Nf6 41. g4 Bd6 42. Nc4 Bc7 43. Ne3 Ne8 44. f5 Nd6 45. Bd3 Kf6 46. fxe6 fxe6 47. gxh5 gxh5 48. Ng2 Nf5 49. Nf4 Bxf4 50. Kxf4 e5+ 51. Kf3 Nd6 52. Kg3 Kg5 53. Be2 h4+ 54. Kf3 Kf5 55. Ke3 Nf7 56. Bg4+ Kf6 57. Ke4 Ng5+ 58. Kd5 Nf7 59. Ke4 Nh6 60. Bc8 Ng8 61. Bg4 Ne7 62.
Bd7 Ng6 63. Bg4 Nf4 64. Bc8 Ne2 65. Bg4 Nc3+ 66. Kd3 Nb5 67. Kc4 Nc7 68. Kc5 Ne6+ 69. Kd5 Ng5 70. Kd6 Nf7+ 71. Kd5 Nh6 72. Bd7 Nf5 73. Ke4 Nd6+ 74.
Kd5 Nf7 75. Ke4 Kg5 76. Be6 Nd8 77. Bd7 Kf6 78. Bg4 Nb7 79. Kd5 Na5 80. Bc8 Nb3 81. Ke4 Nc5+ 82. Kd5 Nd3 83. Ke4 Nf4 84. Bg4 Ne6 85. Kd5 Ng5 86.
Bc8 Nf3 87. Ke4 Ne1 88. Bg4 Nc2 89. Bc8 Nd4 90. Bg4 Nc6 91. Kd5 Ne7+ 92. Ke4 Ng6 93. Bc8 Nf8 94. Bg4 Ne6 95. Kd5 Nc7+ 96.
Kd6 Nb5+ 97. Kd5 Nc3+ 98. Kc4 Ne4 99. Kd5 Nf2 100. Bc8 e4 101. Kd4 Kg5 102. Ke3 Nxh3 103. Bxh3 1/2-1/2

[Event "The Kvibergspelen 2023"]
[Site "Kviberg Park Hotel & Conference, Krutvagen 2, Gothenburg, Sweden"]
[Date "2023.09.15"]
[Round "3.13"]
[White "Jacobsen, Mikkel Manosri"]
[Black "Lindholm, Gustav"]
[Result "0-1"]
[TimeControl "15 minutes + 5 seconds per move from move one (Round 1 - 4) / 90 minutes + 30 seconds per move from move one (Round 5 - 8)"]
[WhiteTitle "FM"]
[WhiteFideId "1444514"]
[BlackFideId "1736515"]
[WhiteElo "2313"]
[BlackElo "2102"]

1. d4 d5 2. Bf4 Nf6 3. e3 c5 4. Nf3 Nc6 5. Nbd2 Bg4 6. h3 Bh5 7. Bb5 e6 8. g4 Bg6 9. Ne5 Rc8 10. h4 h5 11. g5 Nd7 12.
Nxc6 bxc6 13. Ba6 cxd4 14. exd4 Rb8 15. Bxb8 Qxb8 16. Nb3 Be4 17. Rf1 Qh2 18. Qe2 Qxh4 19. Bb7 Nb8 20. Bxc6+ Nxc6 21.
Qb5 Bb4+ 22. c3 O-O 23. cxb4 Ne7 24. Rc1 Qxg5 25. Rc3 h4 26. Nd2 Bg2 27. Rg1 Nf5 28. Qd3 Qg4 29. Nf1 h3 30.
Nh2 Qf4 31. Nf3 h2 32. Rxg2 h1=Q+ 33. Rg1 Qfxf3 34. Qxf3 Qxg1+ 35. Kd2 Nxd4 36. Qf4 Nf5 37. Rh3 Rc8 38. Rc3 Rxc3 39. bxc3 Qa1 40. Qb8+ Kh7 41. Qxa7 Qb2+ 42.
Kd3 e5 43. f3 Qb1+ 44. Kd2 Qb2+ 45. Kd3 Qc1 46. Qxf7 Qd1# 0-1

[Event "The Kvibergspelen 2023"]
[Site "Kviberg Park Hotel & Conference, Krutvagen 2, Gothenburg, Sweden"]
[Date "2023.09.15"]
[Round "3.14"]
[White "Ottgard, Andreas"]
[Black "Poley, Vladimir"]
[Result "0-1"]
[TimeControl "15 minutes + 5 seconds per move from move one (Round 1 - 4) / 90 minutes + 30 seconds per move from move one (Round 5 - 8)"]
[BlackTitle "IM"]
[WhiteFideId "1730592"]
[BlackFideId "13500090"]
[WhiteElo "1876"]
[BlackElo "2284"]

1. c4 g6 2. g3 Bg7 3.
Bg2 Nc6 4. Nc3 e5 5. d3 d6 6. Nf3 Bg4 7. h3 Bd7 8. Rb1 Qc8 9. b4 Nf6 10. a4 h6 11. Bd2 O-O 12. h4 Re8 13.
Qc1 h5 14. O-O e4 15. Ng5 exd3 16. exd3 Nd4 17. b5 Bf5 18. Be3 Ng4 19. Qd2 c6 20. Nce4 Qd7 21. Bf4 Ne5 22. Bxe5 dxe5 23.
Qe3 Rad8 24. Rfd1 Qe7 25. Nf3 Bg4 26. Rd2 Qa3 27. Rdb2 0-1

[Event "The Kvibergspelen 2023"]
[Site "Kviberg Park Hotel & Conference, Krutvagen 2, Gothenburg, Sweden"]
[Date "2023.09.15"]
[Round "3.15"]
[White "Falkevall, Axel"]
[Black "Olofsson, Hans-Erik"]
[Result "1-0"]
[TimeControl "15 minutes + 5 seconds per move from move one (Round 1 - 4) / 90 minutes + 30 seconds per move from move one (Round 5 - 8)"]
[WhiteTitle "FM"]
[WhiteFideId "1735560"]
[BlackFideId "1716212"]
[WhiteElo "2276"]
[BlackElo "1883"]

1. e4 d6 2. d4 Nf6 3. Nc3 c6 4. Nf3 Nbd7 5. Be2 e5 6. O-O Be7 7. a4 b6 8. Re1 Bb7 9. Nh4 O-O 10. Nf5 Re8 11. dxe5 dxe5 12.
Bc4 Nf8 13. Qf3 Ng6 14. Bg5 Qc7 15. h4 h6 16. Bxf6 Bxf6 17. Nxh6+ gxh6 18. Qxf6 Qe7 19. Qxg6+ 1-0

[Event "The Kvibergspelen 2023"]
[Site "Kviberg Park Hotel & Conference, Krutvagen 2, Gothenburg, Sweden"]
[Date "2023.09.15"]
[Round "3.16"]
[White "Ramsdal, Jens Albert"]
[Black "Ljung, Rickard"]
[Result "1-0"]
[TimeControl "15 minutes + 5 seconds per move from move one (Round 1 - 4) / 90 minutes + 30 seconds per move from move one (Round 5 - 8)"]
[WhiteTitle "FM"]
[WhiteFideId "1429221"]
[BlackFideId "1740156"]
[WhiteElo "2391"]
[BlackElo "1924"]

1. d4 Nf6 2. c4 d6 3. Nc3 g6 4. e4 Bg7 5. h3 O-O 6. Be3 b6 7. g4 e5 8. d5 Nbd7 9. Nge2 Nc5 10.
Ng3 a5 11. Be2 Bd7 12. Qd2 c6 13. Bh6 cxd5 14. cxd5 b5 15. Bxg7 Kxg7 16. f3 b4 17. Nd1 Qb6 18. h4 Na4 19.
Qg5 h6 20. Qd2 Qd4 21. Qxd4 exd4 22. g5 Ng8 23. Rc1 Rac8 24. Rxc8 Rxc8 25.
Kd2 b3 26. axb3 Nc5 27. Bc4 a4 28.
Ne2 axb3 29. Nxd4 Nxe4+ 30. fxe4 Rxc4 31. Kd3 Rb4 32. Nc3 f5 33. Re1 hxg5 34. hxg5 Kf7 35. Rh1 Kg7 36. Ra1 Rb7 37.
Ra6 Ne7 38. Rxd6 fxe4+ 39. Nxe4 Bf5 40. Nxf5+ Nxf5 41. Ra6 Rb4 42. Ra7+ Kf8 43. Nf6 Nd6 44. Rd7 Nb5 45. Rb7 Rd4+ 46. Ke3 Rb4 47. d6 1-0

[Event "The Kvibergspelen 2023"]
[Site "Kviberg Park Hotel & Conference, Krutvagen 2, Gothenburg, Sweden"]
[Date "2023.09.15"]
[Round "3.17"]
[White "Pedersen, Daniel Vesterbaek"]
[Black "Odell Johansson, Leo"]
[Result "1-0"]
[TimeControl "15 minutes + 5 seconds per move from move one (Round 1 - 4) / 90 minutes + 30 seconds per move from move one (Round 5 - 8)"]
[WhiteTitle "FM"]
[WhiteFideId "1402161"]
[BlackFideId "1722727"]
[WhiteElo "2163"]
[BlackElo "1886"]

1. e4 c5 2. Nf3 Nc6 3. c3 Nf6 4. e5 Nd5 5. d4 cxd4 6. cxd4 d6 7. Bc4 Nb6 8. Bd3 Bg4 9. exd6 Qxd6 10. Be3 e5 11. dxe5 Nxe5 12.
Bb5+ Nbd7 13. Nbd2 Bxf3 14. gxf3 a6 15. Be2 Nd3+ 16. Kf1 Nf4 17. Ne4 Qxd1+ 18. Bxd1 Nd5 19. Bd4 Rc8 20. Bb3 Nb4 21.
a3 Nc6 22. Bc3 f6 23. Rd1 Nde5 24.
Kg2 h5 25. Rhe1 Rd8 26. Bd5 Kd7 27. Bxc6+ Kxc6 28. Rxd8 Ng6 29. Red1 Be7 30. Rxh8 Nxh8 31. Bb4 Bxb4 32. axb4 Ng6 33. Rd6+ Kc7 34. Rd2 Kc6 35. Rd8 Kb5 36. Rd7 b6 37. Rxg7 Nf4+ 38. Kf1 Kxb4 39. Nxf6 a5 40. Rg5 h4 41. Rg4 1-0

[Event "The Kvibergspelen 2023"]
[Site "Kviberg Park Hotel & Conference, Krutvagen 2, Gothenburg, Sweden"]
[Date "2023.09.15"]
[Round "3.18"]
[White "Bohman Karlholm, Adrian"]
[Black "Sandberg, Lucas"]
[Result "1-0"]
[TimeControl "15 minutes + 5 seconds per move from move one (Round 1 - 4) / 90 minutes + 30 seconds per move from move one (Round 5 - 8)"]
[WhiteFideId "1720643"]
[BlackFideId "1773712"]
[WhiteElo "2134"]
[BlackElo "1439"]

1. d4 Nf6 2. c4 e6 3.
Nc3 Bb4 4. g3 O-O 5. Bg2 d5 6. Nf3 c6 7. Qb3 Bd6 8. O-O Nbd7 9. Re1 a5 10. e4 dxe4 11. Nxe4 Nxe4 12. Rxe4 Nf6 13.
Re2 a4 14. Qc2 h6 15. Bd2 c5 16. Bc3 cxd4 17. Bxd4 Bd7 18. Rd1 Be7 19. Bxf6 1-0

[Event "The Kvibergspelen 2023"]
[Site "Kviberg Park Hotel & Conference, Krutvagen 2, Gothenburg, Sweden"]
[Date "2023.09.15"]
[Round "3.19"]
[White "Valle, Lorenzo"]
[Black "Jarlskov, Daniel Tuk Hartso"]
[Result "0-1"]
[TimeControl "15 minutes + 5 seconds per move from move one (Round 1 - 4) / 90 minutes + 30 seconds per move from move one (Round 5 - 8)"]
[WhiteFideId "849715"]
[BlackFideId "1463896"]
[WhiteElo "1652"]
[BlackElo "2038"]

1. e4 c6 2. d3 d5 3. Nd2 dxe4 4. dxe4 Nf6 5. Ngf3 Bg4 6. h3 Bh5 7. Bc4 e6 8. O-O Bc5 9. Qe2 O-O 10.
Rd1 Qe7 11. Nf1 Nbd7 12. Bg5 Qe8 13. Ng3 Bxf3 14. Qxf3 Ne5 15. Qe2 Nxc4 16. Qxc4 Be7 17. Be3 Qc8 18. Qe2 Qc7 19. c4 Rfd8 20.
Kf1 Bd6 21. Bd4 Be5 22. Bxe5 Qxe5 23. b3 h6 24. Qe3 Nh5 25. Nxh5 Qxh5 26. Qe2 Qe5 27. Kg1 c5 28. Rxd8+ Rxd8 29.
Rd1 Rd4 30. Rxd4 Qxd4 31. g3 Kh7 32. Kg2 g6 33. Qf3 Kg7 34. Qe2 h5 35. f4 Kf8 36. Kf1 Qa1+ 37. Kf2 Qd4+ 38. Kf1 Qd6 39.
Ke1 h4 40. gxh4 Qxf4 41. Qg4 Qe3+ 42. Kd1 Qf2 43. h5 gxh5 44. Qxh5 Qd4+ 45. Kc2 Qxe4+ 46. Kb2 Qd4+ 47. Kb1 Ke7 48. Qg5+ Kd6 49. h4 Qd1+ 50. Kb2 Qe2+ 51. Ka3 Qe5 52. Qd8+ Kc6 53. Qe7 Qf4 54. Kb2 Qe5+ 55. Kb1 Qf5+ 56. Kb2 e5 57. Kc3 Qf3+ 58. Kd2 Qf4+ 59. Kc2 e4 60. h5 e3 61. h6 Qxh6 62. Qxf7 Qh2+ 63. Kd3 Qd2+ 64. Ke4 e2 65. Qe6+ Qd6 66. Qe8+ Qd7 67. Qg6+ Qd6 68. Qg1 e1=Q+ 0-1

[Event "The Kvibergspelen 2023"]
[Site "Kviberg Park Hotel & Conference, Krutvagen 2, Gothenburg, Sweden"]
[Date "2023.09.15"]
[Round "3.20"]
[White "Berg, Roy"]
[Black "Herrman, Jan"]
[Result "1/2-1/2"]
[TimeControl "15 minutes + 5 seconds per move from move one (Round 1 - 4) / 90 minutes + 30 seconds per move from move one (Round 5 - 8)"]
[WhiteFideId "1711458"]
[BlackFideId "1731882"]
[WhiteElo "1954"]
[BlackElo "1875"]

1. d4 Nf6 2. c4 c5 3. d5 b5 4.
Qc2 bxc4 5. e4 d6 6. Bxc4 g6 7. Nf3 Bg7 8. h3 O-O 9. O-O Ba6 10. Na3 Bxc4 11. Nxc4 Nbd7 12. Rd1 Nb6 13.
Bd2 Nxc4 14. Qxc4 Qb6 15. Bc3 Rab8 16. Rd2 Qb5 17. Qe2 Qxe2 18. Rxe2 Rb5 19. Rd1 Nd7 20. Bxg7 Kxg7 21. b3 f6 22.
Rc1 Rfb8 23. Nd2 Ne5 24.
Rc3 Rb4 25. f4 Nd7 26. Nc4 R4b5 27. Ree3 Nb6 28. Kf2 Nxc4 29. Rxc4 Kf7 30. e5 Re8 31. Ra4 Rb7 32. e6+ Kf8 33.
Ree4 Ra8 34. Ra6 Rb6 35. Rea4 Rxa6 36. Rxa6 Ke8 37. g4 Kd8 38. Ra4 a5 39. h4 Kc7 40. Kf3 Kb6 41.
Rc4 Kb5 42. a4+ Kb6 43. Rc3 Ka6 44. f5 gxf5 45. gxf5 Rg8 46. Kf4 Kb6 47. Rf3 1/2-1/2

[Event "The Kvibergspelen 2023"]
[Site "Kviberg Park Hotel & Conference, Krutvagen 2, Gothenburg, Sweden"]
[Date "2023.09.15"]
[Round "4.1"]
[White "Poley, Vladimir"]
[Black "Holm, Kristian Stuvik"]
[Result "0-1"]
[TimeControl "15 minutes + 5 seconds per move from move one (Round 1 - 4) / 90 minutes + 30 seconds per move from move one (Round 5 - 8)"]
[WhiteTitle "IM"]
[BlackTitle "IM"]
[WhiteFideId "13500090"]
[BlackFideId "1508083"]
[WhiteElo "2284"]
[BlackElo "2488"]

1. Nf3 d5 2. g3 g6 3. Bg2 Bg7 4. d4 Nf6 5. O-O O-O 6. Nbd2 a5 7. c4 c6 8. e3 a4 9. Qe2 Bf5 10.
Ne5 Nbd7 11. cxd5 cxd5 12. Nxd7 Qxd7 13. Nf3 Rfc8 14. Ne5 Qd6 15. g4 Be6 16. f4 Rc7 17. f5 Bd7 18. g5 Ne4 19.
fxg6 fxg6 20. Nf7 Qb4 21. Bxe4 dxe4 22. Bd2 Qb5 23. Qg2 Rc2 24. Nh6+ Bxh6 25. gxh6 Bf5 26. Rf2 Rxb2 27. Raf1 Rf8 28.
a3 Rf6 29. Qg3 Qd7 30. Qb8+ Qc8 31. Qe5 Qe6 32. Qb8+ Qc8 33. Qe5 Qe6 34. Qa5 Qd7 35. Qa8+ Rf8 36. Qa7 Qb5 37. Qc5 Qxc5 38.
dxc5 Rd8 39. Ba5 Rxf2 40. Bxd8 Re2 41. Bxe7 Rxe3 42. Rb1 Rb3 43. Rxb3 axb3 44. Bf6 Kf7 45. Bb2 e3 46. Kg2 Bg4 47.
h3 Bh5 48. a4 Ke6 49. c6 bxc6 50.
a5 Kd7 51. a6 Kc7 52. Bd4 c5 53. Bb2 Kb6 54. a7 Kxa7 55. Kg3 Kb6 56. Kg2 Kb5 0-1

[Event "The Kvibergspelen 2023"]
[Site "Kviberg Park Hotel & Conference, Krutvagen 2, Gothenburg, Sweden"]
[Date "2023.09.15"]
[Round "4.2"]
[White "Larkin, Vladyslav"]
[Black "Kistrup, Nicolai"]
[Result "0-1"]
[TimeControl "15 minutes + 5 seconds per move from move one (Round 1 - 4) / 90 minutes + 30 seconds per move from move one (Round 5 - 8)"]
[WhiteTitle "IM"]
[BlackTitle "FM"]
[WhiteFideId "14152894"]
[BlackFideId "1444816"]
[WhiteElo "2464"]
[BlackElo "2359"]

1. e4 c5 2. Nf3 d6 3. Bb5+ Nd7 4.
Ba4 Ngf6 5. O-O e6 6. Re1 a6 7. c4 Be7 8. d4 cxd4 9. Nxd4 O-O 10. Nc3 Ne5 11. Qe2 Qc7 12. Bb3 Bd7 13.
f4 Neg4 14. h3 e5 15. Nf3 Qc5+ 16. Be3 Nxe3 17. Qxe3 Qxe3+ 18. Rxe3 exf4 19. Rd3 Bc6 20. Re1 Nd7 21. Nd5 Bd8 22. Bc2 Nc5 23. Rdd1 Bxd5 24. Rxd5 Bc7 25.
e5 Rad8 26. b4 Ne6 27. exd6 Rxd6 28. Rxd6 Bxd6 29. c5 Bc7 30. Bf5 a5 31. Bxe6 fxe6 32. b5 Rf5 33. b6 Bd8 34. Re5 Kf7 35.
Kf1 g6 36. Ke2 Ke7 37. Kd3 Kd7 38. Kc4 Bf6 39. Re2 Rd5 40. Kb5 Be7 41. Rc2 e5 42. Nd2 Bxc5 43. Rxc5 Rxd2 44. Rc7+ Kd6 45. Rxb7 Rxa2 46. Rb8 e4 47. Re8 e3 48. Re4 Rb2+ 49. Kxa5 g5 50. Re8 Kc6 51. Rc8+ Kb7 52.
Rc7+ Kb8 53. Rxh7 Rxg2 54. Ka6 Ra2+ 55. Kb5 Rb2+ 56. Ka6 Ra2+ 57. Kb5 e2 58. Rh8+ Kb7 59. Rh7+ Kc8 60. b7+ Kb8 61. Kb6 Rb2+ 62. Ka6 e1=Q 0-1

[Event "The Kvibergspelen 2023"]
[Site "Kviberg Park Hotel & Conference, Krutvagen 2, Gothenburg, Sweden"]
[Date "2023.09.15"]
[Round "4.3"]
[White "Holm, Ragnar"]
[Black "Seo, Jung Min"]
[Result "0-1"]
[TimeControl "15 minutes + 5 seconds per move from move one (Round 1 - 4) / 90 minutes + 30 seconds per move from move one (Round 5 - 8)"]
[BlackTitle "IM"]
[WhiteFideId "1505858"]
[BlackFideId "1734687"]
[WhiteElo "2128"]
[BlackElo "2462"]

1. d4 Nf6 2. c4 e6 3. Nf3 d5 4. Nc3 c6 5.
Bg5 h6 6. Bxf6 Qxf6 7. e3 g6 8. Bd3 Nd7 9. O-O Bg7 10. Rc1 O-O 11. e4 dxe4 12. Nxe4 Qd8 13. Qe2 e5 14. dxe5 Nxe5 15.
Nxe5 Bxe5 16. Ng3 Bg7 17. Rfe1 Bd7 18. b4 Qc7 19. Qc2 Rae8 20. c5 a5 21. a3 axb4 22. axb4 Qf4 23. Bc4 h5 24. Rxe8 Rxe8 25. Rd1 Bg4 26.
Qc1 Qe5 27. f3 Be6 28. Bxe6 Qxe6 29. Ne4 Qb3 30. Qb1 Qe3+ 31. Kf1 Bd4 0-1

[Event "The Kvibergspelen 2023"]
[Site "Kviberg Park Hotel & Conference, Krutvagen 2, Gothenburg, Sweden"]
[Date "2023.09.15"]
[Round "4.4"]
[White "Sivuk, Vitaly"]
[Black "Falkevall, Axel"]
[Result "1-0"]
[TimeControl "15 minutes + 5 seconds per move from move one (Round 1 - 4) / 90 minutes + 30 seconds per move from move one (Round 5 - 8)"]
[WhiteTitle "GM"]
[BlackTitle "FM"]
[WhiteFideId "14116502"]
[BlackFideId "1735560"]
[WhiteElo "2461"]
[BlackElo "2276"]

1. d4 Nf6 2. c4 g6 3. Nc3 Bg7 4. e4 d6 5.
Nf3 O-O 6. Be3 Nbd7 7. Nd2 c5 8.
d5 e6 9.
Be2 exd5 10. cxd5 a6 11. a4 Re8 12. O-O Rb8 13. Qc2 Ne5 14. h3 Nh5 15. f4 Nd7 16. Bxh5 gxh5 17. e5 dxe5 18.
f5 e4 19. Ncxe4 Nf6 20. Bg5 c4 21. a5 b5 22. Rae1 Re5 23. Nxf6+ Bxf6 24. Bxf6 Qxf6 25. Qc3 1-0

[Event "The Kvibergspelen 2023"]
[Site "Kviberg Park Hotel & Conference, Krutvagen 2, Gothenburg, Sweden"]
[Date "2023.09.15"]
[Round "4.5"]
[White "Lindholm, Gustav"]
[Black "Golubka, Petro"]
[Result "0-1"]
[TimeControl "15 minutes + 5 seconds per move from move one (Round 1 - 4) / 90 minutes + 30 seconds per move from move one (Round 5 - 8)"]
[BlackTitle "GM"]
[WhiteFideId "1736515"]
[BlackFideId "14114224"]
[WhiteElo "2102"]
[BlackElo "2439"]

1. d4 Nf6 2. c4 g6 3. g3 Bg7 4. Bg2 d5 5.
cxd5 Nxd5 6. Nf3 O-O 7. O-O Nc6 8. Nc3 Nb6 9. e4 Nxd4 10. Nxd4 Bxd4 11. Bh6 Bg7 12. Bf4 e5 13. Be3 Qxd1 14.
Rfxd1 c6 15. a4 Bg4 16. f3 Be6 17. a5 Nc4 18. Bc5 Rfc8 19. b4 b6 20. Bf2 Bf8 21. axb6 axb6 22. b5 Rxa1 23.
Rxa1 Bb4 24. Ne2 cxb5 25. Rb1 Ra8 26. Bxb6 Ra4 27. Bf2 Nd2 28. Rc1 Bc4 29. Be3 Bxe2 30. Rc2 Nc4 31. Rxe2 Nxe3 32.
Rxe3 Bc5 0-1